 Dungeon Crawl Stone Soup version 0.27.1-33-g824d729ab1 (console) character file.

Game seed: 13691400731724325257

2908 om the Slicer (level 9, -7/50 HPs)
             Began as a Vampire Enchanter on Dec 13, 2021.
             Was a Follower of Dithmenos.
             Splashed by Maggie's acid (14 damage)
             ... on level 7 of the Dungeon.
             The game lasted 00:18:14 (7377 turns).

om the Slicer (Vampire Enchanter)                   Turns: 7377, Time: 00:18:15

Health: -7/50      AC:  1    Str:  9    XL:     9   Next: 49%
Magic:  13/16      EV: 20    Int: 24    God:    Dithmenos [*.....]
Gold:   275        SH:  0    Dex: 15    Spells: 11/18 levels left

rFire    . . .     SeeInvis +   b - +2 short sword (elec)
rCold    + + .     Faith    .   (no shield)
rNeg     + + +     Spirit   .   n - +0 robe
rPois    ∞         Reflect  .   d - +1 helmet
rElec    .         Harm     .   (no cloak)
rCorr    .         Rampage  .   q - +0 pair of gloves
Will     .....                  (no boots)
Stlth    ++++++....             (no amulet)
HPRegen  0.00/turn              l - +6 ring of intelligence
MPRegen  0.15/turn              p - +4 ring of evasion

@: confusing by touch, corroded, mesmerised, bloodless, inhibited regen,
wreathed by umbra
A: bloodless, fangs 3, see invisible, vampiric 2
a: Bat Form, Revivify, Renounce Religion


You were on level 7 of the Dungeon.
You worshipped Dithmenos.
Dithmenos was aware of your devotion.
You visited 1 branch of the dungeon, and saw 7 of its levels.

You collected 275 gold pieces.

Inventory:

Hand Weapons
 a - a +1 dagger of venom
 b - a +2 short sword of electrocution (weapon)
Armour
 d - a +1 helmet (worn)
 n - a +0 robe (worn)
 q - a +0 pair of gloves (worn)
Magical Staves
 u - a staff of death
Jewellery
 e - a ring of ice
 i - a ring of positive energy
 l - a +6 ring of intelligence (left hand)
 o - a ring of fire
 p - a +4 ring of evasion (right hand)
 v - a ring of willpower
Wands
 m - a wand of polymorph (5)
Scrolls
 c - a scroll of fear
 f - 3 scrolls of identify
 g - 2 scrolls of teleportation
 j - a scroll of amnesia
 r - a scroll of acquirement
 s - a scroll of enchant armour
Potions
 h - 2 potions of brilliance
 k - a potion of might {unknown}
 t - a potion of ambrosia {unknown}
 w - a potion of heal wounds {unknown}
 x - a potion of attraction {unknown}


   Skills:
 - Level 3.0 Fighting
 * Level 8.6 Short Blades
 - Level 8.0 Dodging
 - Level 5.0 Stealth
 - Level 5.0 Spellcasting
 - Level 5.0 Hexes
 * Level 2.8 Necromancy
 - Level 3.0 Invocations


You had 11 spell levels left.
You knew the following spells:

 Your Spells              Type           Power      Damage    Failure   Level
a - Corona                Hex            33%        N/A       1%          1
b - Ensorcelled Hibernat  Hex/Ice        36%        N/A       4%          2
c - Confusing Touch       Hex            30%        N/A       3%          3
d - Pain                  Necr           76%        1d7       2%          1

Your spell library contained the following spells:

 Spells                   Type           Power      Damage    Failure   Level
 Animate Skeleton         Necr           38%        N/A       2%          1
 Tukima's Dance           Hex            30%        N/A       3%          3
 Vampiric Draining        Necr           9%         2d7       9%          3
 Dazzling Flash           Conj/Hex       36%        N/A       10%         3
 Portal Projectile        Hex/Tloc       36%        N/A       10%         3
 Call Canine Familiar     Summ           6%         N/A       26%         3
 Leda's Liquefaction      Hex/Erth       9%         N/A       30%         4


Dungeon Overview and Level Annotations

Branches:
Dungeon (7/15)             Temple (0/1) D:6

Altars:
Ashenzari
Dithmenos
Fedhas
Gozag
Makhleb
Nemelex Xobeh
Okawaru
Trog
Vehumet
Yredelemnul

Annotations:
D:7 Maggie


Innate Abilities, Weirdness & Mutations

You do not regenerate when monsters are visible.
You are frail without blood (-20% HP).
You can heal yourself when you bite living creatures.
You are immune to poison.
You have razor-sharp teeth.
You have supernaturally acute eyesight. (SInv)
You are afflicted with vampirism and can become a bat while bloodless.


Message History

The helpless human fails to defend itself.
You bite the human, and draw its blood!
You feel better.
You perforate the human like a sieve!!!
You kill the human!
Dithmenos accepts your kill.
You start resting.
Magic restored.
You start resting.
HP restored.
Things that are here:
a +0 long sword; a +0 ring mail; a human corpse
Things that are here:
a +0 long sword; a +0 ring mail; a human corpse
Found a stone staircase leading down.
There is a stone staircase leading down here.
Found 20 gold pieces.
You now have 275 gold pieces (gained 20).
Found a plate armour.
g - 2 scrolls of teleportation (gained 1)
You see here a +0 plate armour.
Maggie the Vainglorious comes into view.
She is wielding a +0 halberd and carrying a wand of acid (10).
Maggie shouts!
Maggie casts a spell.
Maggie attempts to bespell you!
You are mesmerised by Maggie!
Casting: Ensorcelled Hibernation (safe; 4% risk of failure)
Confirm with . or Enter, or press ? or * to list all spells.
Okay, then.
Casting: Ensorcelled Hibernation (safe; 4% risk of failure)
Confirm with . or Enter, or press ? or * to list all spells.
Your hands begin to glow red.
Maggie points at you and mumbles some strange words.
The bolt of fire misses you. Maggie completely misses you.
Maggie zaps a wand.
The bolt of acid hits you!
You are splashed with acid!
You are too injured to fight recklessly!
You are too injured to fight recklessly!
You barely miss Maggie.
Maggie zaps a wand.
The bolt of acid hits you!
* * * LOW HITPOINT WARNING * * *
The acid corrodes you!
You are splashed with acid!
You die...

#######.##
##.# #..#
##.##
#..#####
#..#...#
###......#
###........#
#......@..##
#........@.#
...........#
...........#
####......##
##.....#
.....##
.....##


You could see Maggie (mesmerising).

Vanquished Creatures
  3 yaks
  2 humans (D:7)
  Menkaure (D:6)
  A water moccasin (D:4)
  An orc warrior (D:6)
  2 black bears
  A sky beast (D:6)
  3 ogres
  A centaur (D:7)
  A phantom (D:6)
  A kobold brigand (D:6)
  4 scorpions
  A water moccasin skeleton (D:5)
  3 howler monkeys
  2 centaur zombies
  A bullfrog zombie (D:5)
  4 hounds
  An orc priest (D:6)
  2 jellies (D:6)
  A bullfrog skeleton (D:5)
  5 iguanas
  A scorpion zombie (D:5)
  2 orc wizards
  14 adders
  A shadow imp (D:6)
  An ufetubus (D:4)
  A worm (D:4)
  A dart slug (D:4)
  14 orcs
  5 ball pythons
  2 endoplasms
  3 giant cockroaches
  7 goblins
  2 hobgoblins
  3 jackals (D:3)
  10 kobolds
  3 bats
  3 frilled lizards
  2 rats (D:2)
116 creatures vanquished.

Notes
Turn   | Place    | Note
-------+----------+-------------------------------------------
     0 | D:1      | om the Vampire Enchanter began the quest for the Orb.
     0 | D:1      | Reached XP level 1. HP: 13/13 MP: 3/3
   296 | D:1      | You fall into a shaft and drop 1 floor!
   385 | D:2      | Reached XP level 2. HP: 3/19 MP: 1/5
   848 | D:2      | Learned a level 2 spell: Ensorcelled Hibernation
  1003 | D:3      | Gained mutation: You are afflicted with vampirism and can
                  | become a bat while bloodless. [Vampire growth]
  1003 | D:3      | Reached XP level 3. HP: 22/24 MP: 3/6
  1229 | D:2      | Reached skill level 5 in Stealth
  1326 | D:2      | Found a sparkling altar of Nemelex Xobeh.
  1338 | D:2      | Learned a level 3 spell: Confusing Touch
  1573 | D:3      | Reached skill level 5 in Hexes
  1755 | D:3      | Reached XP level 4. HP: 28/30 MP: 0/7
  1939 | D:3      | Found a shadowy altar of Dithmenos.
  2546 | D:3      | Reached XP level 5. HP: 30/35 MP: 2/9
  2748 | D:3      | Found a radiant altar of Vehumet.
  2879 | D:4      | Noticed a black bear
  2894 | D:4      | Killed a black bear
  2895 | D:4      | Reached skill level 1 in Fighting
  2997 | D:4      | Noticed an ogre
  3030 | D:3      | Killed an ogre
  3031 | D:3      | Reached XP level 6. HP: 24/46 MP: 6/12
  3279 | D:4      | Found an opulent altar of Gozag.
  3331 | D:3      | Became a worshipper of Dithmenos the Shadowed
  3536 | D:4      | Found a broken altar of Ashenzari.
  3617 | D:4      | Found a blossoming altar of Fedhas.
  3618 | D:4      | Found a bloodstained altar of Trog.
  3626 | D:4      | Found a burning altar of Makhleb.
  3818 | D:5      | Entered Level 5 of the Dungeon
  3818 | D:5      | Noticed a water moccasin
  3825 | D:4      | Killed a water moccasin
  3826 | D:4      | Reached skill level 5 in Spellcasting
  3826 | D:4      | Reached XP level 7. HP: 45/52 MP: 9/14
  3928 | D:4      | Reached skill level 1 in Invocations
  4242 | D:5      | Noticed a yak
  4243 | D:5      | Noticed a yak
  4244 | D:5      | Noticed a yak
  4269 | D:4      | Killed a yak
  4270 | D:4      | Reached skill level 5 in Dodging
  4359 | D:4      | Killed a yak
  4360 | D:4      | Reached XP level 8. HP: 21/46 MP: 12/15
  5051 | D:5      | Reached skill level 5 in Short Blades
  5645 | D:6      | Reached * piety under Dithmenos
  5940 | D:6      | Identified a scroll of acquirement
  6015 | D:6      | Found a basalt altar of Yredelemnul.
  6015 | D:6      | Noticed Menkaure
  6024 | D:6      | Killed Menkaure
  6147 | D:6      | Reached XP level 9. HP: 50/50 MP: 16/16
  6507 | D:6      | Found a staircase to the Ecumenical Temple.
  6828 | D:6      | Learned a level 1 spell: Pain
  6937 | D:7      | Reached skill level 1 in Necromancy
  7158 | D:7      | Found an iron altar of Okawaru.
  7371 | D:7      | Noticed Maggie
  7377 | D:7      | Splashed by Maggie's acid

Illustrated notes

Levels and vault maps discovered:
D:1:      psy_arrival_conway, layout_loops_corners, minmay_misc_feat_doors
D:2:      layout_basic, basic_altar, minmay_between
D:3:      layout_rooms, nicolae_overflow_crystal_walls, general_overflow_altar,
          dk_noncrumbling_2, moated_statue, grunt_decor_cap
D:4:      layout_cave_pools, lemuel_tele_altar, mainiacjoe_overflow_24_doors,
          gammafunk_temple_overflow_forgotten, kennysheep_minor_cross
D:5:      layout_loops_ring, minivault_24, palyth_stone_intersect
D:6:      layout_loops_ring, mainiacjoe_overflow_six_doors_small,
          lemuel_temple_firewalk_b, uniq_menkaure
D:7:      layout_cave_pods, okawaru_humans, mainiacjoe_overflow_small_starburst,
          uniq_maggie, uniq_joseph

Skill      XL: |  1  2  3  4  5  6  7  8  9 |
---------------+----------------------------+-----
Dodging        | 3 4 5 7 8 |  8.0
Stealth        | 5 |  5.0
Hexes          | 5 |  5.0
Short Blades   | 2 4 6 8 |  8.6
Spellcasting   | 3 4 5 |  5.0
Fighting       | 2 3 |  3.0
Invocations    | 2 3 |  3.0
Necromancy     | 2 |  2.8

Action                   |  1- 3 |  4- 6 |  7- 9 || total
-------------------------+-------+-------+-------++-------
Melee: Dagger            |    95 |    79 |       ||   174
       Bite              |     5 |     9 |    14 ||    28
       Short sword       |       |    27 |   179 ||   206
 Cast: Corona            |     7 |       |       ||     7
       Ensorcelled Hiber |     7 |    22 |    35 ||    64
       Confusing Touch   |       |     3 |     5 ||     8
 Abil: Exsanguinate      |       |       |     1 ||     1
  Use: Potion            |     2 |       |       ||     2
       Scroll            |       |       |     9 ||     9
 Stab: Sleeping          |    11 |    22 |    31 ||    64
       Confused          |       |     1 |     2 ||     3
Armor: Robe              |    25 |    20 |    18 ||    63
Dodge: Dodged            |    54 |    93 |   145 ||   292
